 Dungeon Crawl Stone Soup version 0.27.1-33-g824d729ab1 (webtiles) character file.

Game seed: 17318309551779194064

281 djsenpai the Covered (level 6, 0/38 HPs)
             Began as a Gargoyle Berserker on Dec 12, 2021.
             Was a Believer of Trog.
             Slain by an iguana (9 damage)
             ... on level 6 of the Dungeon.
             The game lasted 00:06:20 (3440 turns).

djsenpai the Covered (Gargoyle Berserker)           Turns: 3440, Time: 00:06:20

Health: 0/38       AC: 15    Str: 22    XL:     6   Next: 27%
Magic:  6/6        EV:  9    Int:  8    God:    Trog [**....]
Gold:   129        SH:  0    Dex: 15    Spells: 5/5 levels left

rFire    . . .     SeeInvis .   k - +1 flail (drain)
rCold    . . .     Faith    .   (no shield)
rNeg     + . .     Spirit   .   i - +0 chain mail
rPois    ∞         Reflect  .   (no helmet)
rElec    +         Harm     .   (no cloak)
rCorr    .         Rampage  .   h - +0 pair of gloves
Will     ++...                  (no boots)
Stlth    ..........             (no amulet)
HPRegen  1.12/turn              s - +6 ring of dexterity
MPRegen  0.10/turn              (no ring)

@: strong-willed, regenerating
A: sickness immunity, AC +4, negative energy resistance 1, electricity
resistance, torment resistance 1, petrification resistance
a: Renounce Religion, Berserk, Trog's Hand


You were on level 6 of the Dungeon.
You worshipped Trog.
Trog was pleased with you.
You visited 1 branch of the dungeon, and saw 5 of its levels.

You collected 129 gold pieces.

Inventory:

Hand Weapons
 k - a +1 flail of draining (weapon)
Missiles
 g - 8 boomerangs (quivered)
 j - a throwing net
Armour
 h - a +0 pair of gloves (worn)
 i - a +0 chain mail (worn)
Jewellery
 s - a +6 ring of dexterity (left hand)
Scrolls
 b - 3 scrolls of identify {unknown}
 e - a scroll of immolation {unknown}
 n - a scroll of enchant armour {unknown}
 o - a scroll of fog {unknown}
 q - a scroll of vulnerability {unknown}
Potions
 a - a potion of heal wounds {unknown}
 c - a potion of mutation {unknown}
 d - a potion of degeneration {unknown}
 f - 2 potions of curing {unknown}
 l - a potion of attraction {unknown}
 m - a potion of resistance {unknown}
 p - a potion of ambrosia {unknown}
 r - a potion of brilliance {unknown}


   Skills:
 + Level 4.2 Fighting
 - Level 1.4 Short Blades
 * Level 4.1 Maces & Flails
 + Level 4.3 Armour
 + Level 2.4 Dodging
 + Level 1.0 Stealth


You had 5 spell levels left.
You didn't know any spells.
Your spell library was empty.

Dungeon Overview and Level Annotations

Branches:
Dungeon (6/15)
 Temple: D:4-7

Altars:
Cheibriados
Ru
Sif Muna
Xom
Zin

Shops:
D:3 *


Innate Abilities, Weirdness & Mutations

You are immune to sickness and miasma.
Your stone body is resilient. (AC +4)
You are immune to poison.
You resist negative energy. (rN+)
You are resistant to electric shocks. (rElec)
You are resistant to unholy torment.
You are immune to petrification.


Message History

Increase (S)trength, (I)ntelligence, or (D)exterity?
You feel stronger.
You feel the effects of Trog's Hand fading.
You feel yourself speed up.
You see here 24 arrows.
You see here 24 arrows.
Your skin stops crawling.
You feel less strong-willed.
There is a stone staircase leading up here.
Things that are here:
a +0 flail; an orc corpse You climb upwards.
The scorpion stings you but does no damage.
The orc hits you with a +0 dagger. The iguana barely misses you.
The scorpion stings you but does no damage.
The orc barely misses you. x2
There is a stone staircase leading down here.
The iguana bites you.
The scorpion stings you but does no damage.
The orc hits you but does no damage. x2
The orc wizard gestures wildly while chanting.
The orc wizard flickers and vanishes!
Deactivating autopickup; reactivate with Ctrl-A.
You climb downwards.
Reactivating autopickup.
There is a stone staircase leading up here.
Things that are here:
a +0 flail; an orc corpse
Okay, then.
You hit the scorpion.
The scorpion is lightly wounded.
You recover from your berserk rage.
The scorpion stings you! The iguana completely misses you.
The scorpion stings you! The orc closely misses you. The iguana bites you!
* * * LOW HITPOINT WARNING * * *
Your skin crawls.
You feel strong-willed. The scorpion stings you.
* * * LOW HITPOINT WARNING * * *
The orc hits you but does no damage. The iguana bites you!
You die...

#.# #..###......
#.. #......# #.##
#......#
###..###......#
..................
###...#.#.....#.##
#...........#.#
####.......##### #
#...o@s.##.####
#.##.†l........ ..
#...#.#.##.. .
##.##.^... .# #.#
##.... . #.# #...#
#.# ##.. #.# #


You could see a scorpion, an iguana and an orc.

Vanquished Creatures
  A sky beast (D:6)
  2 jellies (D:6)
  A hound zombie (D:3)
  5 gnolls
  An adder (D:3)
  A white imp (D:6)
  A dart slug (D:1)
  An orc (D:6)
  4 ball pythons
  3 endoplasms (D:1)
  2 giant cockroaches
  7 goblins (D:1)
  5 hobgoblins
  5 quokkas
  8 bats
  3 frilled lizards
  5 kobolds (D:1)
  4 rats
59 creatures vanquished.

Notes
Turn   | Place    | Note
-------+----------+-------------------------------------------
     0 | D:1      | djsenpai the Gargoyle Berserker began the quest for the
                  | Orb.
     0 | D:1      | Reached XP level 1. HP: 14/14 MP: 1/1
   204 | D:1      | Reached XP level 2. HP: 12/19 MP: 2/2
   904 | D:1      | Reached XP level 3. HP: 24/24 MP: 3/3
  2095 | D:2      | Reached skill level 1 in Short Blades
  2095 | D:2      | Reached XP level 4. HP: 19/29 MP: 4/4
  2107 | D:2      | Reached ** piety under Trog
  3219 | D:3      | Reached XP level 5. HP: 27/33 MP: 5/5
  3350 | D:3      | Found a snail-covered altar of Cheibriados.
  3351 | D:3      | Found a sacrificial altar of Ru.
  3351 | D:3      | Found a shimmering blue altar of Sif Muna.
  3352 | D:3      | Found a shimmering altar of Xom.
  3389 | D:3      | Found Zin's Purification Station.
  3391 | D:3      | Found a glowing silver altar of Zin.
  3394 | D:3      | You fall into a shaft and drop 3 floors!
  3418 | D:5      | Entered Level 5 of the Dungeon
  3418 | D:5      | Noticed a sky beast
  3428 | D:6      | Killed a sky beast
  3429 | D:6      | Reached skill level 1 in Stealth
  3429 | D:6      | Reached XP level 6. HP: 33/38 MP: 6/6
  3440 | D:6      | Slain by an iguana

Illustrated notes

Levels and vault maps discovered:
D:1:      kilobyte_arrival_exit_the_forest, layout_basic,
          minmay_misc_feat_four_crosses, chequers_hall_statues_corner_a,
          minmay_pentomino_q4
D:2:      layout_rooms
D:3:      layout_basic, zin_purify, grunt_temple_overflow_open,
          shapermc_ecumenical_altar_mp_vishouse, interstate_on_off,
          cheibrodos_gnoll_hut
D:5:      layout_layer_cave, st_stairs_3, goddamned_bats
D:6:      layout_rooms, mainiacjoe_overflow_tiny_flanked, kennysheep_little_box,
          serial_shops, shop, gammafunk_ghost_abyssal_escape,
          amcnicky_mini_rare_corridor_liquid, minmay_shop_enchanted_jewellery

Skill      XL: |  1  2  3  4  5 |
---------------+----------------+-----
Dodging        | 2 |  2.4
Short Blades   | 1 |  1.4
Armour         | 3 4 |  4.3
Fighting       | 4 |  4.2
Maces & Flails | 4 |  4.1
Stealth        | 1 |  1.0

Action                   |  1- 3 |  4- 6 || total
-------------------------+-------+-------++-------
Melee: Mace              |    44 |       ||    44
       Dagger            |    67 |    13 ||    80
       Flail             |       |    42 ||    42
Invok: Berserk           |     4 |     2 ||     6
       Trog's Hand       |       |     2 ||     2
Armor: Animal skin       |     9 |       ||     9
       Ring mail         |    34 |       ||    34
       Chain mail        |    17 |    57 ||    74
Dodge: Dodged            |    68 |    33 ||   101
